 Dungeon Crawl Stone Soup version 0.28-a0-1518-gbe868bc (webtiles) character file.

Game seed: 7352793923431464535

29010 Illumine the Frost Mage (level 12, -4/100 HPs)
             Began as a Demigod Ice Elementalist on Jan 15, 2022.
             Slain by a frost giant (12 damage)
             ... in an ice cave on Jan 17, 2022.
             The game lasted 00:38:54 (20695 turns).

Illumine the Frost Mage (Demigod Ice Elementalist) Turns: 20695, Time: 00:38:55

Health: -4/100     AC: 13    Str: 15    XL:     12   Next: 80%
Magic:  4/28       EV: 11    Int: 33    God:
Gold:   821        SH:  5    Dex: 17    Spells: 16/27 levels left

rFire   . . .      SeeInvis +   b - +4 war axe
rCold   + + .      Faith    .   (no shield)
rNeg    . . .      Spirit   .   o - +4 ring mail {rC+}
rPois   .          Reflect  +   u - +0 helmet
rElec   .          Harm     .   I - scarf {repulsion}
rCorr   .          Rampage  .   (no gloves)
Will    +....                   N - +0 pair of boots
Stlth   +.........              z - amulet "Bilyci Imump" {Reflect Dex+3 SH+5 SInv}
HPRegen 0.26/turn               x - ring of protection from cold
MPRegen 0.21/turn               A - +6 ring of strength

@: repel missiles
A: high mp 1, forlorn, divine attributes
a: no special abilities


You were in an ice cave.
You visited 2 branches of the dungeon, and saw 14 of its levels.
You also visited: Ice Cave.

You collected 821 gold pieces.

Inventory:

Hand Weapons
 b - a +4 war axe (weapon)
 U - a +2 long sword of holy wrath
Missiles
 a - a throwing net
Armour
 i - a +3 leather armour of fire resistance
 o - a +4 ring mail of cold resistance (worn)
 u - a +0 helmet (worn)
 I - a scarf of repulsion (worn)
 L - a +0 kite shield
 N - a +0 pair of boots (worn)
 V - an orb of mayhem
Magical Staves
 s - a staff of cold
Jewellery
 h - a +4 ring of protection
 x - a ring of protection from cold (left hand)
 z - the amulet "Bilyci Imump" (around neck) {Reflect Dex+3 SH+5 SInv}
   (You found it on level 6 of the Dungeon)

   [amulet of reflection]

   It reflects blocked missile attacks.
   Dex:       It affects your dexterity (+3).
   SInv:      It lets you see invisible.
   SH:        It affects your SH (+5).
 A - a +6 ring of strength (right hand)
 E - a ring of protection from fire
 P - a ring of willpower
 Q - an amulet of regeneration
 S - a ring of poison resistance
Wands
 n - a wand of paralysis (14)
 J - a wand of mindburst (7)
 M - a wand of digging (4)
 O - a wand of polymorph (4)
 R - a wand of charming (5)
Scrolls
 c - 5 scrolls of amnesia
 d - 3 scrolls of fog
 e - 2 scrolls of enchant armour
 f - 3 scrolls of teleportation
 j - a scroll of silence {unknown}
 k - 3 scrolls of blinking {unknown}
 p - 2 scrolls of vulnerability {unknown}
 q - 2 scrolls of torment {unknown}
 r - 5 scrolls of fear
 t - 2 scrolls of enchant weapon {unknown}
 y - 2 scrolls of noise {unknown}
 C - 2 scrolls of magic mapping
 G - a scroll of holy word
 T - a scroll of acquirement {unknown}
Potions
 g - 3 potions of invisibility
 l - 3 potions of haste
 v - 6 potions of curing
 w - a potion of lignification {unknown}
 B - a potion of brilliance
 F - a potion of degeneration {unknown}
 H - a potion of attraction {unknown}
 K - a potion of ambrosia {unknown}


   Skills:
 + Level 7.5 Fighting
 - Level 7.1 Staves
 - Level 7.8 Armour
 - Level 1.7 Dodging
 - Level 1.8 Stealth
 + Level 5.3 Shields
 + Level 8.4 Spellcasting
 + Level 7.6 Conjurations
 + Level 9.6 Ice Magic
 - Level 3.9 Evocations


You had 16 spell levels left.
You knew the following spells:

 Your Spells              Type           Power      Damage    Failure   Level
a - Freeze                Ice            100%       1d11      1%          1
b - Frozen Ramparts       Ice            100%       1d12      1%          3
c - Ozocubu's Armour      Ice            67%        N/A       1%          3
d - Hailstorm             Conj/Ice       63%        3d13      1%          4

Your spell library contained the following spells:

 Spells                   Type           Power      Damage    Failure   Level
 Beastly Appendage        Tmut           26%        N/A       6%          1
 Pain                     Necr           52%        1d6       6%          1
 Blink                    Tloc           26%        N/A       9%          2
 Wereblood                Tmut           13%        N/A       9%          2
 Gell's Gravitas          Tloc           13%        N/A       19%         3
 Lesser Beckoning         Tloc           13%        N/A       19%         3
 Portal Projectile        Hex/Tloc       26%        N/A       19%         3
 Spider Form              Tmut/Pois      13%        N/A       19%         3
 Teleport Other           Tloc           13%        N/A       19%         3
 Animate Dead             Necr           6%         N/A       52%         4
 Agony                    Necr           13%        N/A       86%         5
 Blade Hands              Tmut           6%         N/A       86%         5
 Borgnjor's Vile Clutch   Necr/Erth      6%         N/A       86%         5
 Excruciating Wounds      Necr           6%         N/A       86%         5
 Manifold Assault         Tloc           13%        N/A       86%         5
 Conjure Ball Lightning   Conj/Air       19%        3x3d6     88%         6
 Death Channel            Necr           6%         N/A       100%        6
 Discord                  Hex            6%         N/A       100%        8
 Disjunction              Tloc           6%         N/A       100%        8


Dungeon Overview and Level Annotations

Branches:
Dungeon (10/15)            Temple (0/1) D:7            Lair (4/6) D:8
  Swamp (0/4) Lair:2        Snake (0/4) Lair:3          Orc (0/2) D:10
  IceCv (1/1)

Shops:
D:2 (

Portals:
Abyss: D:5

Annotations:
D:10 1 runed translucent door, mbeke's ghost, journeyman HOMo
Lair:1 3 runed translucent doors, valinor000's ghost, journeyman HOFi


Innate Abilities, Weirdness & Mutations

You have an increased reservoir of magic. (+10% MP)
You shall have no god before yourself.
Your divine heritage dramatically boosts your attributes as you level up.


Message History

The death yak gores you! x2
* * * LOW HITPOINT WARNING * * *
Your magical contamination has completely faded away.
Aiming: Mindburst
Press: ? - help, Shift-Dir - straight line, f - death yak
Aim: a death yak (almost dead, chance to affect: 15%)
Okay, then.
Unknown command.
Okay, then.
You feel much better.
The death yak gores you but does no damage.
You hit the death yak but do no damage.
The death yak is almost dead.
The death yak gores you but does no damage.
You hit the death yak but do no damage.
The death yak is almost dead.
The death yak misses you.
The death yak gores you but does no damage.
You hit the death yak but do no damage.
The death yak is almost dead.
The death yak gores you but does no damage.
You hit the death yak but do no damage.
The death yak is almost dead.
The death yak gores you! The death yak gores you.
You barely miss the death yak.
The death yak is almost dead.
The death yak gores you!
* * * LOW HITPOINT WARNING * * *
You slash the death yak!
You kill the death yak!
The frost giant casts a spell at you. The bolt of cold hits you! You resist.
* * * LOW HITPOINT WARNING * * *
You hit the frost giant but do no damage.
The frost giant is severely wounded.
The frost giant closely misses you.
You slash the frost giant!
The frost giant is severely wounded.
The frost giant hits you with a +2 battleaxe of freezing!
You die...

#..# ##.#
#. #.##
### #.
#..# ##.
#..# #..
##.## #..
#..# ##.
#..## ##
##..# #
#.@# #
##C# #
##††#
#.†## #..#
##.## ###
#..# #
##.###
#.##
#≈≈#.#..##
#..
#≈≈≈≈.#...


You could see a frost giant.

Vanquished Creatures
  Josephine (D:10)
  5 hydras
  A catoblepas (D:9)
  3 two-headed ogres
  2 death yaks (IceCv)
  Pikel (D:7)
  An ugly thing (IceCv)
  An ice statue (IceCv)
  2 black mambas
  6 cane toads
  An unseen horror (D:10)
  A kobold demonologist (D:8)
  8 komodo dragons
  6 rime drakes (IceCv)
  A troll (D:9)
  5 polar bears (IceCv)
  5 blink frogs
  3 wraiths (D:10)
  33 yaks
  2 wyverns
  2 steam dragons
  4 basilisks
  A swamp worm (Lair:2)
  A naga (Lair:3)
  8 water moccasins
  Duvessa (D:5)
  A hornet zombie (D:8)
  2 ice beasts (D:7)
  A sky beast (D:6)
  A necrophage (D:8)
  An orc warrior (D:9)
  A black bear (Lair:3)
  An ogre (D:5)
  7 wolves
  A centaur (D:8)
  3 lemures (D:7)
  7 bullfrogs
  A gnoll sergeant (D:10)
  9 kobold brigands
  A scorpion (D:5)
  2 wyvern zombies
  Dowan (D:5)
  6 killer bees (D:9)
  12 wights
  2 howler monkeys
  An electric eel (Lair:2)
  3 centaur zombies
  A bullfrog zombie (D:5)
  2 gnoll shamans
  4 orc priests
  3 jellies
  Ijyb (D:3)
  An iguana (Lair:2)
  A scorpion zombie (D:5)
  7 orc wizards
  Terence (D:3)
  2 killer bee zombies
  A hound zombie (D:5)
  Robin (D:4)
  2 howler monkey zombies
  11 gnolls
  8 adders
  2 shadow imps (D:8)
  13 white imps
  An ufetubus (D:3)
  2 adder skeletons (D:4)
  2 worms (D:3)
  2 dart slugs
  22 orcs
  3 bats
  An endoplasm (D:2)
  A giant cockroach (D:1)
  9 goblins
  10 hobgoblins
  8 jackals
  34 kobolds
  3 quokkas
  6 ball pythons
  A frilled lizard (D:2)
  10 kobold skeletons (D:8)
  8 kobold zombies (D:8)
  4 rats
357 creatures vanquished.

Vanquished Creatures (others)
  7 fungi
  7 plants
14 creatures vanquished.

Grand Total: 371 creatures vanquished

Notes
Turn   | Place    | Note
-------+----------+-------------------------------------------
     0 | D:1      | Illumine the Demigod Ice Elementalist began the quest for
                  | the Orb.
     0 | D:1      | Reached XP level 1. HP: 14/14 MP: 5/5
   419 | D:1      | Reached XP level 2. HP: 2/20 MP: 0/7
   927 | D:1      | Reached skill level 4 in Ice Magic
  1447 | D:2      | Reached XP level 3. HP: 26/26 MP: 1/9
  1534 | D:2      | Learned a level 3 spell: Frozen Ramparts
  1549 | D:2      | Learned a level 3 spell: Ozocubu's Armour
  1694 | D:2      | Found Ehousm's Antique Weapon Emporium.
  2039 | D:2      | Reached XP level 4. HP: 33/33 MP: 8/11
  2414 | D:3      | Reached skill level 1 in Evocations
  2538 | D:3      | Noticed Ijyb
  2560 | D:3      | Killed Ijyb
  2750 | D:3      | Noticed Terence
  2767 | D:3      | Killed Terence
  2768 | D:3      | Reached XP level 5. HP: 38/38 MP: 4/12
  3321 | D:4      | Noticed Robin
  3323 | D:4      | Killed Robin
  3693 | D:5      | Entered Level 5 of the Dungeon
  3693 | D:5      | Noticed Duvessa
  3726 | D:5      | Reached skill level 5 in Ice Magic
  3857 | D:5      | Noticed an ogre
  3869 | D:5      | Killed an ogre
  3870 | D:5      | Reached skill level 1 in Armour
  3870 | D:5      | Reached XP level 6. HP: 37/45 MP: 8/14
  4013 | D:5      | Reached skill level 1 in Staves
  4083 | D:5      | Found a large runed translucent door.
  4084 | D:5      | Found a large runed translucent door.
  4095 | D:5      | Noticed Dowan
  4118 | D:5      | Killed Duvessa
  4120 | D:5      | Killed Dowan
  4121 | D:5      | Reached XP level 7. HP: 42/50 MP: 4/16
  4383 | D:5      | Learned a level 4 spell: Hailstorm
  4654 | D:5      | Found a one-way gate to the infinite horrors of the Abyss.
  4666 | D:5      | Upgraded the game from 0.28-a0-1510-gd0f6b13 to
                  | 0.28-a0-1518-gbe868bc
  5047 | D:6      | Identified the amulet "Bilyci Imump" {Reflect Dex+3 SH+5
                  | SInv}
  5126 | D:6      | Reached skill level 1 in Conjurations
  5383 | D:6      | Reached skill level 6 in Ice Magic
  5553 | D:6      | Reached XP level 8. HP: 58/58 MP: 12/18
  5928 | D:7      | Reached skill level 1 in Fighting
  5975 | D:7      | Noticed Pikel
  6040 | D:7      | Killed Pikel
  6041 | D:7      | Reached skill level 5 in Spellcasting
  6409 | D:7      | Found a staircase to the Ecumenical Temple.
  7131 | D:8      | Reached XP level 9. HP: 51/68 MP: 17/20
  7544 | D:8      | Found a staircase to the Lair.
  7669 | D:8      | Noticed a two-headed ogre
  7680 | D:8      | Killed a two-headed ogre
  7959 | D:8      | Reached skill level 7 in Ice Magic
  8170 | D:8      | Noticed a kobold demonologist
  8597 | D:8      | Noticed an ice devil
  8599 | D:8      | Killed a kobold demonologist
  9452 | D:8      | Noticed a two-headed ogre
  9461 | D:8      | Killed a two-headed ogre
  9462 | D:8      | Reached XP level 10. HP: 49/78 MP: 8/23
  9802 | D:9      | Reached skill level 5 in Armour
  9883 | D:9      | Noticed a catoblepas
  9890 | D:10     | Entered Level 10 of the Dungeon
  9910 | D:10     | Reached skill level 5 in Staves
 10050 | D:10     | Noticed Josephine
 10090 | D:10     | Killed Josephine
 10091 | D:10     | Reached skill level 5 in Conjurations
 10325 | D:10     | Noticed mbeke's ghost (journeyman HOMo)
 10345 | D:10     | Found a staircase to the Orcish Mines.
 10353 | D:10     | Found a runed translucent door.
 10464 | D:10     | Noticed a two-headed ogre
 10479 | D:10     | Killed a two-headed ogre
 10480 | D:10     | Reached skill level 5 in Fighting
 10700 | D:9      | Reached skill level 1 in Shields
 10700 | D:9      | Reached skill level 8 in Ice Magic
 12000 | D:9      | Killed a catoblepas
 12001 | D:9      | Reached XP level 11. HP: 43/88 MP: 8/25
 12761 | Lair:1   | Entered Level 1 of the Lair of Beasts
 12844 | Lair:1   | Noticed a five-headed hydra
 12850 | Lair:1   | Killed a five-headed hydra
 13647 | Lair:1   | Found a runed translucent gate.
 13647 | Lair:1   | Found a runed translucent gate.
 13647 | Lair:1   | Found a runed translucent gate.
 13648 | Lair:1   | Noticed valinor000's ghost (journeyman HOFi)
 15432 | Lair:2   | Noticed a seven-headed hydra
 15443 | Lair:2   | Killed a seven-headed hydra
 15639 | Lair:2   | Noticed a four-headed hydra
 16471 | Lair:2   | Killed a four-headed hydra
 16472 | Lair:2   | Reached XP level 12. HP: 52/97 MP: 15/27
 16654 | Lair:2   | Found a staircase to the Swamp.
 16742 | Lair:3   | Found a staircase to the Snake Pit.
 17006 | Lair:3   | Reached skill level 9 in Ice Magic
 17264 | Lair:3   | Noticed a six-headed hydra
 17278 | Lair:3   | Killed a six-headed hydra
 17451 | Lair:3   | Noticed a six-headed hydra
 17465 | Lair:3   | Killed a six-headed hydra
 18319 | Lair:4   | Found a frozen archway.
 18743 | IceCv    | Entered an ice cave
 19761 | IceCv    | HP: 2/100 [ice statue] (12)]
 19765 | IceCv    | Reached skill level 5 in Shields
 20660 | IceCv    | Noticed a frost giant
 20695 | IceCv    | Slain by a frost giant

Illustrated notes

Levels and vault maps discovered:
D:1:      tarquinn_simple_flora_water_a, layout_basic,
          chequers_ecumenical_altar_twisty
D:2:      layout_rooms, serial_shops, shop
D:3:      layout_rooms, mainiacjoe_overflow_brackets, uniq_terence, uniq_ijyb
D:4:      layout_rooms, uniq_robin
D:5:      due_chaos_kobolds, layout_basic, mainiacjoe_overflow_swirl,
          uniq_duvessa
D:6:      layout_loops_ring, chequers_arboretum
D:7:      layout_loops_ring, minmay_temple_entry_stoned_glass, uniq_pikel
D:8:      wander_kiku_kobolds, layout_basic, dpeg_oklobed_lair
D:9:      layout_basic, amethyst_overflow_temple_binary, marbit_many_paths
D:10:     kennysheep_blocky_hall, layout_irregular_city,
          hellmonk_ghost_happy_afterlife, uniq_fannar, uniq_josephine
Lair:1:   layout_misc_corridors, basic_altar, gammafunk_ghost_necromancy
Lair:2:   layout_layer_cave, palyth_hydra_swamp_entry,
          nicolae_quartered_pool_little, serial_bayou_pond_b
Lair:3:   layout_cave_pods, guppyfry_snake_entry_island
Lair:4:   layout_regular_city, portal_ice_cave_entry_imps
IceCv:    ice_cave_small_giant

Skill      XL: |  1  2  3  4  5  6  7  8  9 10 11 12 |
---------------+-------------------------------------+-----
Spellcasting   | 2 3 4 5 6 7 8 |  8.4
Ice Magic      | 4 5 6 7 8 9 |  9.6
Evocations     | 1 2 3 |  3.9
Armour         | 1 2 3 4 6 7 |  7.8
Staves         | 1 2 3 4 5 7 |  7.1
Conjurations   | 1 3 4 5 6 7 |  7.6
Fighting       | 2 4 5 6 7 |  7.5
Shields        | 1 3 5 |  5.3
Dodging        | |  1.7
Stealth        | |  1.8

Action                   |  1- 3 |  4- 6 |  7- 9 | 10-12 || total
-------------------------+-------+-------+-------+-------++-------
Melee: Unarmed           |     1 |       |       |       ||     1
       Flail             |    12 |    29 |    21 |       ||    62
       Staff             |       |    11 |    96 |    97 ||   204
       Punch             |       |     1 |     2 |     4 ||     7
       War axe           |       |       |    90 |    86 ||   176
       Falchion          |       |       |       |    44 ||    44
 Cast: Freeze            |    46 |    34 |    27 |   191 ||   298
       Frozen Ramparts   |     4 |    22 |    41 |    69 ||   136
       Ozocubu's Armour  |       |     1 |    17 |    15 ||    33
       Hailstorm         |       |       |     6 |    26 ||    32
Evoke: Wand              |       |       |    23 |     9 ||    32
  Use: Scroll            |       |       |     4 |     9 ||    13
       Potion            |       |       |       |     2 ||     2
 Stab: Sleeping          |     2 |       |     1 |       ||     3
       Petrified         |       |       |       |     3 ||     3
Armor: Robe              |    12 |    31 |    73 |       ||   116
       Leather armour    |       |       |    35 |   191 ||   226
       Ring mail         |       |       |       |    29 ||    29
Dodge: Dodged            |    35 |    50 |   167 |   268 ||   520
       Repelled          |       |       |       |    19 ||    19
Block: Other             |       |       |    63 |   120 ||   183
       Reflection        |       |       |     1 |     2 ||     3
       Orb               |       |       |       |     6 ||     6

Table legend: (Time is in decaauts)
 A = Elapsed time spent in this place.
 B = Non-inter-level travel time spent in this place.
 C = Inter-level travel time spent in this place.
 D = Time resting spent in this place.
 E = Time spent auto-exploring this place.
 F = Levels seen in this place.
 G = Mean time per level.
                   A        B        C        D        E       F      G
               +--------+--------+--------+--------+--------+-----+--------+
         Total |  20852 |  20326 |    526 |   6000 |  10780 |  15 | 1390.1 |
       Dungeon |  12874 |  12479 |    395 |   2985 |   6933 |  10 | 1287.4 |
          Lair |   6006 |   5875 |    131 |   1730 |   3423 |   4 | 1501.5 |
      Ice Cave |   1971 |   1971 |      0 |   1285 |    424 |   1 | 1971.0 |
               +--------+--------+--------+--------+--------+-----+--------+

Top non-repeatable levels by time:
     D:8: 2961 daAuts
  Lair:2: 2710 daAuts
   IceCv: 1971 daAuts
  Lair:3: 1876 daAuts
     D:5: 1871 daAuts
     D:1: 1410 daAuts
  Lair:1: 1267 daAuts
     D:7: 1227 daAuts
     D:9: 1221 daAuts
     D:6: 1056 daAuts
    D:10: 817 daAuts
     D:4: 807 daAuts
     D:2: 779 daAuts
     D:3: 721 daAuts
  Lair:4: 151 daAuts
